Map: 16-Bit LE

Players

wasp

  • Race: Protoss Protoss
  • Spawn Location: 1:00

larsgj - Winner!

  • Race: Terran Terran
  • Spawn Location: 7:00

VOD

Have the link to the VOD?

Description

Time

  • Played on: July 11, 2022, 7:35 a.m.
  • Length: 3:52
Show
View Real Time Build Order
Export as new Build Order

wasp Protoss 

Build Orders:  

Get SALT Encoding   

  12  0:10  Probe  
  13  0:22  Probe  
  14  0:32  Assimilator  
  14  0:34  Probe  
  15  0:38  Assimilator  
  15  0:55  Probe  
  12  1:14  Probe  
  7  1:26  Probe  
  6  1:38  Probe  
  5  1:50  Probe  
  1  2:02  Probe  
  2  2:14  Probe  
  2  2:26  Probe  
  1  2:38  Probe  
Show
View Real Time Build Order
Export as new Build Order

larsgj Terran - Winner!

Build Orders:  

Get SALT Encoding   

  10  3:26  SCV, Supply Depot  
  11  3:38  SCV  
Tags
 
Matchup
PvT
Replay Pack
Multiplayer
Spawn Locations
Cross Positions
Add a new tag
Caveats
  • Supply blocks, unpowered buildings, or Contaminate may cause inaccurate times.
  • Supply counts are checked every 10 seconds.